Map: Hardwire LE

Players

Scarlett

  • Race: Zerg Zerg

Cure - Winner!

  • Race: Terran Terran

Event: DreamHack SC2 Masters 2021 Winter

VOD

Have the link to the VOD?

Description

Time

  • Played on: Nov. 9, 2021, 9:04 a.m.
  • Length: 14:09

All games in this series

Show
View Real Time Build Order
Export as new Build Order

Scarlett Zerg 

Build Orders: Hatch First, Lurkers 

Get SALT Encoding   

  12  0:00  Drone  
  13  0:12  Overlord  
  13  0:16  Drone  
  14  0:30  Drone x2  
  16  0:46  Hatchery  
  15  0:50  Drone  
  15  0:54  Drone  
  17  0:57  Drone  
  18  1:08  Extractor  
  17  1:12  Spawning Pool  
  17  1:15  Drone  
  17  1:19  Drone  
  18  1:27  Drone  
  19  1:38  Drone  
  20  1:49  Drone  
  21  1:59  Queen x2  
  21  2:00  Zergling x4  
  27  2:10  Drone  
  27  2:11  Overlord  
  28  2:19  Hatchery  
  28  2:22  Drone  
  28  2:30  Drone  
  28  2:31  Drone  
  28  2:36  Metabolic Boost  
  29  2:45  Drone  
  29  2:46  Queen  
  29  2:48  Overlord  
  32  2:54  Drone x2  
  34  3:01  Drone  
  35  3:09  Drone x5  
  40  3:14  Overlord  
  40  3:22  Queen  
  40  3:25  Overlord  
  43  3:27  Drone  
  43  3:31  Queen  
  45  3:36  Drone  
  45  3:37  Queen  
  49  3:41  Zergling x8  
  49  3:46  Drone x2  
  54  3:50  Drone x2  
  57  3:55  Drone x3  
  57  4:00  Drone x3  
  62  4:03  Queen  
  62  4:08  Overlord  
  64  4:13  Drone x2  
  64  4:14  Spore Crawler  
  65  4:19  Overlord  
  65  4:20  Overlord  
  66  4:27  Drone x5  
  66  4:31  Lair  
  71  4:34  Zergling x4, Extractor  
  71  4:37  Drone x3, Baneling Nest  
  74  4:48  Drone, Overlord x2  
  74  4:49  Drone x2  
  74  4:50  Queen  
  79  4:54  Queen  
  79  4:59  Overlord x2  
  81  5:03  Spore Crawler  
  81  5:04  Spore Crawler  
  81  5:05  Spore Crawler  
  78  5:07  Drone x4, Overlord  
  78  5:09  Zergling x2  
  78  5:13  Zergling x8  
  87  5:22  Extractor  
  87  5:23  Extractor  
  87  5:25  Zergling x4  
  87  5:30  Baneling x3  
  87  5:34  Centrifugal Hooks  
  87  5:35  Overseer  
  87  5:36  Overseer  
  87  5:37  Drone x7  
  87  5:42  Overlord  
  92  5:56  Drone x8  
  97  6:07  Drone x2  
  97  6:10  Drone x2  
  99  6:11  Drone  
  99  6:12  Drone  
  99  6:16  Zergling x2  
  99  6:17  Zergling x2, Hatchery  
  102  6:22  Hatchery  
  102  6:25  Baneling x3  
  101  6:26  Baneling x2, Zergling x6  
  104  6:36  Queen  
  104  6:38  Zergling x16  
  114  6:42  Evolution Chamber  
  114  6:43  Evolution Chamber  
  114  6:44  Baneling x9  
  111  6:55  Pneumatized Carapace  
  111  6:57  Drone x8  
  119  7:04  Overlord  
  119  7:12  Zergling x16  
  119  7:14  Zerg Ground Armor Level 1, Zerg Melee Weapons Level 1  
  126  7:22  Zergling x10  
  131  7:24  Overlord  
  131  7:29  Overlord x4  
  131  7:30  Spore Crawler  
  130  7:38  Drone x3  
  128  7:47  Overlord x3  
  128  7:50  Zergling x18  
  135  7:57  Zergling x6  
  138  7:59  Overlord  
  138  8:00  Zergling x8  
  138  8:01  Infestation Pit  
  138  8:03  Zergling x2  
  139  8:07  Zergling x2  
  139  8:10  Zergling x6  
  141  8:14  Drone  
  141  8:18  Baneling x12, Zergling x2  
  141  8:24  Zergling x12  
  147  8:28  Zergling x14  
  147  8:30  Zergling x2  
  155  8:36  Zergling x6  
  155  8:37  Hatchery  
  156  8:45  Hive  
  156  8:47  Zergling x10  
  156  8:48  Hydralisk Den, Extractor  
  155  8:51  Drone x2  
  155  8:55  Drone x2  
  158  9:09  Zerg Ground Armor Level 2, Zerg Melee Weapons Level 2  
  158  9:10  Zergling x32  
  171  9:20  Drone x2  
  171  9:21  Drone  
  171  9:24  Drone x3, Lurker Den  
  145  9:38  Hatchery  
  145  9:39  Overseer  
  145  9:43  Drone  
  145  9:44  Drone x9  
  146  9:51  Zergling x6  
  146  9:52  Zergling x6  
  152  9:57  Baneling x9  
  138  10:12  Zergling x2  
  138  10:13  Zergling x22  
  132  10:22  Zergling x2  
  132  10:23  Zergling x20  
  132  10:26  Adaptive Talons  
  132  10:27  Adrenal Glands  
  142  10:33  Hatchery  
  141  10:41  Drone x8  
  144  10:43  Extractor  
  144  10:46  Zergling x2  
  144  10:47  Zergling x2, Extractor  
  144  10:51  Drone x3  
  144  10:53  Extractor  
  144  10:55  Drone x2  
  144  10:56  Drone  
  149  10:57  Hydralisk x2  
  149  10:58  Hydralisk  
  155  11:07  Baneling x9  
  155  11:08  Zergling x16  
  163  11:23  Seismic Spines  
  158  11:25  Lurker  
  158  11:29  Lurker x2  
  158  11:30  Zergling x2  
  158  11:31  Zergling x30  
  176  11:33  Baneling x5, Extractor  
  176  11:34  Baneling x5  
  176  11:39  Zergling x6  
  173  11:42  Drone x3  
  173  11:43  Drone x2  
  173  11:45  Drone  
  173  11:46  Drone x2  
  180  11:52  Hydralisk, Baneling x2  
  180  11:53  Hydralisk x4, Baneling x4  
  190  11:55  Zerg Missile Weapons Level 1  
  154  12:09  Zergling x2  
  154  12:10  Zergling x26  
  154  12:14  Baneling x4  
  154  12:15  Overseer, Baneling x7, Overlord x2  
  165  12:19  Baneling x3  
  165  12:20  Zergling x14  
  163  12:28  Zergling x16  
  171  12:34  Drone x2  
  165  12:39  Drone  
  165  12:40  Spine Crawler  
  156  12:49  Lurker x4  
  156  12:50  Drone x2  
  156  12:51  Drone x3  
  153  12:52  Drone  
  153  12:54  Spine Crawler  
  153  12:55  Spore Crawler  
  149  12:59  Zergling x10  
  149  13:00  Zergling x14  
  160  13:10  Zergling x14  
  123  13:20  Zergling x12  
  127  13:28  Zergling x16  
  127  13:32  Drone x3  
  136  13:38  Viper x2  
  139  13:45  Baneling x6  
  139  13:46  Baneling x3  
Show
View Real Time Build Order
Export as new Build Order

Cure Terran - Winner!

Build Orders: Reaper Expand, Hellion Banshee 

Get SALT Encoding   

  12  0:00  SCV  
  13  0:12  SCV  
  14  0:17  Supply Depot  
  14  0:24  SCV  
  15  0:39  SCV  
  15  0:40  Barracks  
  15  0:42  Refinery  
  16  0:51  SCV  
  17  1:03  SCV  
  18  1:15  SCV  
  19  1:27  Reaper, Orbital Command  
  20  1:38  Command Center  
  20  1:46  Supply Depot  
  20  1:53  SCV  
  21  1:58  Marine  
  22  2:05  SCV  
  23  2:10  Factory  
  23  2:17  SCV  
  23  2:20  Barracks Reactor  
  24  2:29  SCV  
  25  2:40  Command Center  
  25  2:42  SCV  
  26  2:51  Orbital Command  
  26  2:54  SCV  
  26  2:57  Starport  
  27  3:02  Refinery  
  27  3:06  SCV  
  28  3:13  Hellion x2  
  28  3:18  SCV x2  
  28  3:19  Barracks Tech Lab  
  34  3:30  SCV  
  34  3:31  SCV  
  36  3:35  Hellion x2  
  36  3:40  Banshee  
  43  3:43  SCV x2  
  43  3:47  Marine  
  46  3:53  Orbital Command  
  46  3:55  Cloaking Field  
  46  3:57  SCV x2  
  46  4:02  Supply Depot  
  48  4:05  Hellion  
  48  4:06  Hellion  
  48  4:09  SCV x2  
  54  4:10  Barracks Tech Lab  
  54  4:23  SCV x2  
  56  4:25  Banshee  
  56  4:26  Hellion  
  56  4:27  Hellion  
  56  4:30  Marine  
  64  4:33  Supply Depot  
  64  4:35  Orbital Command  
  64  4:36  SCV x2  
  66  4:39  Supply Depot  
  66  4:41  Stimpack  
  66  4:48  SCV x2, Marine  
  69  4:56  Factory Reactor, Barracks  
  69  4:58  Refinery  
  69  4:59  Barracks  
  69  5:00  Supply Depot, SCV x2  
  69  5:02  Refinery  
  69  5:03  SCV  
  72  5:08  Marine  
  72  5:12  SCV x2  
  75  5:16  SCV  
  75  5:19  Engineering Bay x2  
  75  5:20  Supply Depot  
  76  5:23  Starport Reactor  
  76  5:24  SCV x2  
  76  5:26  Marine  
  79  5:29  SCV  
  80  5:36  SCV x2  
  82  5:43  SCV  
  82  5:48  SCV x2  
  82  5:49  Factory Reactor, Marine x3  
  87  5:54  Barracks  
  87  5:55  Barracks  
  88  5:57  Marine x2  
  88  6:01  Terran Infantry Weapons Level 1, Terran Infantry Armor Level 1  
  90  6:07  Marine  
  90  6:08  SCV x3, Marine x2  
  90  6:09  Medivac x2  
  100  6:12  Supply Depot x2  
  100  6:15  Marine  
  101  6:31  Combat Shield  
  101  6:33  Marine x5  
  101  6:36  Supply Depot  
  101  6:37  SCV x3  
  101  6:39  Widow Mine x2  
  113  6:42  Armory  
  113  6:43  Factory, Barracks Reactor x2  
  113  6:51  Marine x2  
  113  6:53  Marine x3  
  107  7:00  Medivac x2, SCV x2  
  107  7:01  Supply Depot, SCV  
  114  7:02  Refinery  
  114  7:07  Refinery  
  114  7:08  Supply Depot  
  114  7:09  Marine x2  
  116  7:16  Marine x3  
  116  7:17  Widow Mine x2  
  116  7:21  SCV x2  
  125  7:23  SCV  
  125  7:25  Supply Depot  
  125  7:27  Marine x2  
  128  7:34  Missile Turret  
  128  7:35  Drilling Claws  
  128  7:36  Widow Mine  
  130  7:43  Marine x4  
  127  7:48  SCV x2  
  127  7:49  SCV  
  128  7:59  Terran Infantry Weapons Level 2, Terran Infantry Armor Level 2  
  128  8:00  Supply Depot  
  128  8:01  Supply Depot  
  128  8:03  Widow Mine x2  
  128  8:04  Widow Mine  
  134  8:06  Medivac  
  134  8:07  Medivac  
  138  8:13  Marine x5  
  138  8:14  Marine  
  141  8:20  SCV x3  
  144  8:28  Supply Depot  
  150  8:34  Widow Mine x3  
  150  8:36  Medivac  
  150  8:37  Medivac, Terran Vehicle And Ship Armor Level 1  
  150  8:38  SCV  
  150  8:39  SCV x2  
  157  8:46  Marine x4  
  161  8:53  Command Center  
  167  8:55  Widow Mine x2  
  167  8:56  Widow Mine  
  167  9:08  Marine x4  
  167  9:09  Marine x2  
  173  9:19  Supply Depot  
  173  9:21  Supply Depot  
  173  9:25  Marine x2  
  173  9:32  Medivac, Marine  
  173  9:33  Marine  
  173  9:37  Widow Mine  
  172  9:39  Widow Mine  
  172  9:41  Widow Mine, Medivac  
  176  9:45  Marine x2  
  176  9:46  Marauder, Marine x4, Barracks x2  
  176  9:47  Barracks  
  183  9:58  Widow Mine  
  183  10:01  Widow Mine  
  183  10:02  Widow Mine, Medivac  
  183  10:03  Marine x2  
  183  10:04  Marine x4  
  190  10:07  Marauder  
  190  10:11  Medivac, SCV x3  
  197  10:17  Sensor Tower  
  197  10:20  Widow Mine  
  178  10:21  Marine x2  
  178  10:22  Widow Mine, Marine x4  
  178  10:26  Widow Mine, Terran Infantry Weapons Level 3, Terran Infantry Armor Level 3  
  186  10:29  Marauder  
  186  10:32  Terran Vehicle And Ship Armor Level 2  
  188  10:41  Widow Mine  
  188  10:42  Planetary Fortress  
  190  10:43  SCV  
  190  10:44  SCV x2  
  190  10:45  Sensor Tower  
  190  10:48  Marine x4  
  193  10:50  Barracks Tech Lab  
  193  10:51  Barracks Tech Lab  
  190  11:03  Command Center  
  190  11:06  Marine x5  
  190  11:07  Marauder  
  199  11:11  Widow Mine  
  199  11:20  Marine  
  174  12:09  Marauder x2, Marine x3  
  174  12:11  Widow Mine x2  
  174  12:12  Widow Mine, Medivac  
  174  12:13  Medivac  
  191  12:16  Marauder, Marine x4  
  191  12:19  Marine x2  
  191  12:27  Marine x3  
  191  12:28  Ghost Academy  
  194  12:31  Marauder x2  
  194  12:33  Marine x2  
  198  12:38  Marauder  
  200  12:47  Marine x4  
  197  12:52  Marauder  
  197  12:56  Marauder, Marine  
  197  12:58  Widow Mine x2  
  200  13:01  Planetary Fortress  
  200  13:05  Command Center  
  200  13:07  Command Center  
  200  13:14  Marauder, Marine x2  
  180  13:21  Marauder x2, Marine x6  
  180  13:23  Widow Mine x3, Medivac x2  
  194  13:36  Marauder, Marine x2  
  194  13:37  Marine  
  194  13:39  Marine  
  198  13:42  Marauder  
  198  14:03  Command Center  

Tags
 
Add a new tag
Caveats
  • Supply blocks, unpowered buildings, or Contaminate may cause inaccurate times.
  • Supply counts are checked every 10 seconds.